 Dungeon Crawl Stone Soup version 0.28.0 (webtiles) character file.

Game seed: 14154651928863089852

193 Alacron the Magician (level 6, 0/40 HPs)
             Began as a Djinni Fire Elementalist on Feb 16, 2022.
             Hit by a stone thrown by a gnoll (4 damage)
             ... on level 3 of the Dungeon.
             The game lasted 00:10:40 (3769 turns).

Alacron the Magician (Djinni Fire Elementalist)     Turns: 3769, Time: 00:10:41

Health: 0/40       AC:  2    Str:  9    XL:     6   Next: 2%
Gold:   77         EV: 12    Int: 16    God:
                   SH:  0    Dex: 14

rFire   + + .      SeeInvis .   e - +1 dagger (speed)
rCold   x . .      Faith    .   (no shield)
rNeg    . . .      Spirit   .   a - +0 robe
rPois   ∞          Reflect  .   (no helmet)
rElec   .          Harm     .   (no cloak)
rCorr   .          Rampage  .   (no gloves)
Will    .....                   (boots unavailable)
Stlth   ++........              (no amulet)
HPRegen 0.13/turn               (no ring)
MPRegen 0.00/turn               (no ring)

@: flying, very slightly contaminated
A: sickness immunity, fire resistance 2, cold vulnerability 1, float, innate
caster, HP casting, extra vitality 1
a: no special abilities


You were on level 3 of the Dungeon.
You visited 1 branch of the dungeon, and saw 3 of its levels.

You collected 77 gold pieces.

Inventory:

Hand Weapons
 e - a +1 dagger of speed (weapon)
Armour
 a - a +0 robe (worn)
Jewellery
 m - an amulet of faith
Scrolls
 b - a scroll of silence {unknown}
 d - a scroll of torment {unknown}
 f - 2 scrolls of fog {unknown}
 h - a scroll of noise {unknown}
 k - a scroll of magic mapping {unknown}
 l - a scroll of teleportation {unknown}
 n - a scroll of identify {unknown}
Potions
 c - 2 potions of might {unknown}
 g - a potion of heal wounds {unknown}
 i - a potion of curing {unknown}
 j - a potion of lignification {unknown}


   Skills:
 + Level 0.3 Fighting
 + Level 0.2 Short Blades
 + Level 2.6 Dodging
 + Level 2.6 Stealth
 + Level 4.2 Spellcasting


You couldn't memorise any spells.
You knew the following spells:

 Your Spells              Type           Power      Damage    Failure   Level
a - Foxfire               Conj/Fire      68%        2x1d7     3%          1
b - Scorch                Fire           34%        2d6       4%          2
c - Conjure Flame         Conj/Fire      17%        6-21      9%          3
d - Inner Flame           Hex/Fire       17%        N/A       9%          3
e - Flame Wave            Conj/Fire      17%        2d6       28%         4
f - Freeze                Ice            68%        1d8       3%          1
g - Static Discharge      Conj/Air       17%        N/A       4%          2
Your spell library was empty.

Dungeon Overview and Level Annotations

Branches:
Dungeon (3/15)

Altars:

Shops:
D:1 (


Innate Abilities, Weirdness & Mutations

You are immune to sickness and miasma.
You are immune to poison.
Your flesh is very heat resistant. (rF++)
You are vulnerable to cold. (rC-)
You float through the air rather than walking.
You learn spells naturally, not from books.
Your magical power is your life essence.
You have superior vitality. (+4 MHP)


Message History

The gnoll throws a stone.
The stone closely misses you.
Casting: Foxfire (safe; 3% risk of failure)
Press: ? - help, Q - select action, (/) - cycle Dir - look around, f - activate You conjure some foxfire!
The gnoll throws a stone.
The stone hits you.
* * * LOW HITPOINT WARNING * * *
Your foxfire dissipates!
The foxfire hits the orc.
The orc is almost dead.
Casting: Foxfire (safe; 3% risk of failure)
Press: ? - help, Q - select action, (/) - cycle Dir - look around, f - activate You conjure some foxfire!
* * * LOW HITPOINT WARNING * * *
The gnoll closely misses you. The orc hits you.
* * * LOW HITPOINT WARNING * * *
The foxfire hits the gnoll.
The gnoll is severely wounded.
The foxfire hits the orc!
You kill the orc!
Casting: Foxfire (safe; 3% risk of failure)
Press: ? - help, Q - select action, (/) - cycle Dir - look around, f - activate You conjure some foxfire!
* * * LOW HITPOINT WARNING * * *
The gnoll hits you but does no damage. The gnoll hits you.
* * * LOW HITPOINT WARNING * * *
The foxfire hits the gnoll.
The gnoll is severely wounded.
The foxfire hits the gnoll.
The gnoll is almost dead.
The gnoll throws a stone.
The stone misses you.
The gnoll throws a stone.
The stone hits you.
* * * LOW HITPOINT WARNING * * *
Casting: Foxfire (safe; 3% risk of failure)
Press: ? - help, Q - select action, (/) - cycle Dir - look around, f - activate You miscast Foxfire.
You are very lightly contaminated with residual magic.
Nothing appears to happen.
* * * LOW HITPOINT WARNING * * *
The gnoll throws a stone.
The stone hits you.
You die...

#≈.≈.
##....###......##
### ≈.≈
#.##......##..#
#o#
#.#####.#.###.###
#K# #.#
#..#.#.....####
#.# #.#
#.##...###....#
#.# #.# #.####.#
####..
#.#########.####.#
#.########
#(.............#.#
#......##.
###..(.(...g.@...#
##<####..<.
#..8#8..(g....##
#....#.....
##.#$#........#
#.....>####
#.8#8.......##
#....###
#...........#
######
#####.......#
#.......#
#.....).#
#########


You could see 2 gnolls.

Vanquished Creatures
  A hound (D:3)
  Jessica (D:3)
  Robin (D:3)
  2 gnolls (D:3)
  An adder (D:3)
  2 dart slugs
  4 orcs (D:3)
  4 ball pythons
  7 bats
  11 endoplasms
  3 giant cockroaches
  3 hobgoblins
  6 jackals
  3 quokkas
  2 frilled lizards (D:2)
  17 goblins
  10 kobolds
  2 rats
80 creatures vanquished.

Vanquished Creatures (others)
  248 foxfires
248 creatures vanquished.

Grand Total: 328 creatures vanquished

Notes
Turn   | Place    | Note
-------+----------+-------------------------------------------
     0 | D:1      | Alacron the Djinni Fire Elementalist began the quest for
                  | the Orb.
     0 | D:1      | Reached XP level 1. HP: 15/15 MP: 0/0
   162 | D:1      | Reached XP level 2. HP: 8/21 MP: 0/0
   717 | D:1      | Found a faded altar of an unknown god.
   969 | D:1      | Reached skill level 3 in Spellcasting
  1007 | D:1      | Reached XP level 3. HP: 19/25 MP: 0/0
  1007 | D:1      | Learned a level 1 spell: Freeze
  1159 | D:1      | Found Cineokir's Weapon Shoppe.
  2436 | D:2      | Reached XP level 4. HP: 28/31 MP: 0/0
  2685 | D:3      | Noticed Jessica
  2692 | D:3      | Killed Jessica
  2948 | D:3      | Reached XP level 5. HP: 32/35 MP: 0/0
  2948 | D:3      | Learned a level 2 spell: Static Discharge
  2975 | D:3      | Noticed Robin
  2993 | D:3      | HP: 1/35 [Robin (1)]
  3031 | D:3      | Killed Robin
  3269 | D:3      | Reached skill level 4 in Spellcasting
  3757 | D:3      | Reached XP level 6. HP: 18/40 MP: 0/0
  3769 | D:3      | Hit by a stone thrown by a gnoll

Illustrated notes

Levels and vault maps discovered:
D:1:      sevenhm_arrival_forest_fort_large_4, layout_loops_cross,
          basic_ecumenical_altar, serial_shops,
          nicolae_shop_bloodbath_and_beyond
D:2:      layout_rooms
D:3:      layout_rooms, okawaru_altar_gauntlet_db, minmay_statues_item,
          uniq_jessica, uniq_robin

Skill      XL: |  1  2  3  4  5 |
---------------+----------------+-----
Spellcasting   | 3 4 |  4.2
Stealth        | 2 |  2.6
Fighting       | |  0.3
Short Blades   | |  0.2
Dodging        | |  2.6

Action                   |  1- 3 |  4- 6 || total
-------------------------+-------+-------++-------
Melee: Unarmed           |     1 |       ||     1
       Dagger            |     1 |       ||     1
 Cast: Foxfire           |    97 |    92 ||   189
Armor: Robe              |     3 |     5 ||     8
Dodge: Dodged            |    12 |    18 ||    30
